 Dungeon Sprint DCSS version 0.30-a0-1163-gf69bf04e7a (webtiles) character file.

Game seed: 10751323774713988135

271 sircluck the Covert (level 6, -1/39 HPs)
             Began as a Kobold Brigand on Apr 28, 2023.
             Was a Priest of Dithmenos.
             Slain by a warg (12 damage)
             ... in the Dungeon (Sprint VII: "The Pits").
             The game lasted 00:01:52 (370 turns).

sircluck the Covert (Kobold Brigand)                 Turns: 370, Time: 00:01:53

Health: -1/39      AC:  3    Str:  8    XL:     6   Next: 47%
Magic:  6/6        EV: 16    Int: 13    God:    Dithmenos [***...]
Gold:   0          SH:  0    Dex: 18    Spells: 5/5 levels left

rFire   . . .        p - +2 dagger (holy)
rCold   . . .        (no shield)
rNeg    . . .        b - +0 robe
rPois   .            (no helmet)
rElec   .            c - +0 cloak
rCorr   .            (no gloves)
SInv    .            (no boots)
Will    .....        (no amulet)
Stlth   ++++++++++   (no ring)
HPRegen 0.26/turn    (no ring)
MPRegen 0.10/turn

%: no teleportation
@: wreathed by umbra
A: small, no large weapons, nightstalker 3
a: Renounce Religion, Shadow Step


You were in the Dungeon.
You worshipped Dithmenos.
Dithmenos was most pleased with you.
You visited 1 branch

Inventory:

Hand Weapons
 a - a +2 dagger
 p - a +2 dagger of holy wrath (weapon)
 q - a +0 dagger of electrocution
Missiles
 d - 8 poisoned darts (quivered)
 e - 3 curare-tipped darts
 o - 10 stones
Armour
 b - a +0 robe (worn)
 c - a +0 cloak (worn)
 r - a +3 scale mail
 s - a +3 chain mail
Scrolls
 k - a scroll of blinking
 m - 5 scrolls of amnesia
 n - a scroll of butterflies
Potions
 f - 6 potions of curing
 g - 6 potions of heal wounds
 h - a potion of haste
 i - 4 potions of magic
 j - 3 potions of berserk rage
 l - 2 potions of invisibility


   Skills:
 + Level 4.7 Fighting
 + Level 6.6 Short Blades
 + Level 4.0 Throwing
 + Level 4.3 Dodging
 + Level 14.6 Stealth


You had 5 spell levels left.
You didn't know any spells.
Your spell library was empty.

Dungeon Overview and Level Annotations

Branches:
Dungeon (1/1)

Altars:
Ashenzari
Cheibriados
Dithmenos
Elyvilon
Fedhas
Gozag
Hepliaklqana
Kikubaaqudgha
Makhleb
Nemelex Xobeh
Okawaru
Qazlal
Ru
Sif Muna
Trog
Uskayaw
Vehumet
Wu Jian
Xom
Yredelemnul
Zin
The Shining One
Jiyva
Lugonu


Innate Abilities, Weirdness & Mutations

You are small and have problems with some larger weapons.
You are completely attuned to the shadows.


Message History

The wight is heavily damaged.
The wight closely misses you.
You hit the wight but do no damage.
The wight is heavily damaged.
You hit the wight.
The wight convulses.
The wight is almost destroyed.
The wight misses you.
You closely miss the wight.
The wight is almost destroyed.
The wight misses you.
You hit the wight but do no damage.
The wight is almost destroyed.
You hit the wight.
You destroy the wight!
Dithmenos accepts your kill.
Your Throwing skill increases to level 4!
Your Dodging skill increases to level 4!
You hit the warg but do no damage. The warg bites you!
You hit the warg.
The warg is lightly wounded.
The warg misses you.
You hit the warg.
The warg is moderately wounded.
The warg misses you.
You hit the warg but do no damage.
The warg is moderately wounded.
You hit the warg but do no damage.
The warg is moderately wounded.
The warg bites you!
* * * LOW HITPOINT WARNING * * *
You are too injured to fight recklessly!
You don't know any spells.
Unknown command.
Throw: 9 darts (poison)
Press: ? - help, Q - select action, (/) - cycle Shift-Dir - straight line, f - warg
Aim: a warg (moderately wounded, umbra, 59% to hit)
You throw a poisoned dart.
The poisoned dart barely misses the warg.
The warg bites you!
You die...

#.#........##......
#'###########......
#..... #######
#..#.# #.##B#
#).S.. #.##.#
#..#.#. #)@h..(
#######


You could see a warg.

Vanquished Creatures
  A floating eye (D)
  3 wights (D)
  A gnoll (D)
  An ufetubus (D)
  A bat zombie (D)
  An endoplasm (D)
  A giant cockroach (D)
  A goblin (D)
  A quokka (D)
  A bat (D)
  A quokka skeleton (D)
13 creatures vanquished.

Notes
Turn   | Place    | Note
-------+----------+-------------------------------------------
     0 | D        | sircluck the Kobold Brigand began the quest for the Orb.
     0 | D        | Reached XP level 1. HP: 12/12 MP: 1/1
    19 | D        | Reached skill level 6 in Stealth
    58 | D        | Found a bloodstained altar of Trog.
    58 | D        | Found a shimmering blue altar of Sif Muna.
    58 | D        | Found a viscous altar of Jiyva.
    58 | D        | Found a hazy altar of Hepliaklqana.
    58 | D        | Found an opulent altar of Gozag.
    82 | D        | Found a glowing golden altar of the Shining One.
    82 | D        | Found a glowing silver altar of Zin.
    82 | D        | Found a sacrificial altar of Ru.
    82 | D        | Found a stormy altar of Qazlal.
    82 | D        | Found a blossoming altar of Fedhas.
    85 | D        | Found an iron altar of Okawaru.
    85 | D        | Found a basalt altar of Yredelemnul.
    85 | D        | Found a white marble altar of Elyvilon.
    86 | D        | Found a sparkling altar of Nemelex Xobeh.
    86 | D        | Found a shimmering altar of Xom.
    86 | D        | Found a shadowy altar of Dithmenos.
    87 | D        | Found a burning altar of Makhleb.
    87 | D        | Found an ornate altar of the Wu Jian Council.
    87 | D        | Found a snail-covered altar of Cheibriados.
    88 | D        | Found a corrupted altar of Lugonu.
    88 | D        | Found a radiant altar of Vehumet.
    89 | D        | Found an ancient bone altar of Kikubaaqudgha.
    89 | D        | Found a hide-covered altar of Uskayaw.
    89 | D        | Found a broken altar of Ashenzari.
    92 | D        | Became a worshipper of Dithmenos the Shadowed
   126 | D        | Reached * piety under Dithmenos
   133 | D        | Noticed a floating eye
   135 | D        | Reached skill level 7 in Stealth
   137 | D        | Killed a floating eye
   138 | D        | Reached skill level 11 in Stealth
   138 | D        | Reached XP level 2. HP: 19/19 MP: 2/2
   138 | D        | Reached XP level 3. HP: 23/23 MP: 3/3
   138 | D        | Reached XP level 4. HP: 28/28 MP: 4/4
   138 | D        | Reached XP level 5. HP: 32/32 MP: 5/5
   151 | D        | Reached ** piety under Dithmenos
   152 | D        | Reached skill level 12 in Stealth
   248 | D        | Reached skill level 5 in Short Blades
   342 | D        | Reached *** piety under Dithmenos
   343 | D        | Reached skill level 13 in Stealth
   347 | D        | Reached skill level 14 in Stealth
   347 | D        | Reached XP level 6. HP: 39/39 MP: 6/6
   347 | D        | Noticed a warg
   370 | D        | Slain by a warg

Illustrated notes

Levels and vault maps discovered:
D:        pitsprint [storerooms_1, entrance_room_1, metal_vault_1, armoury_2,
          mini_pit_1, grid_room_1, main_hall_1, silver_pit, the_coven_1,
          the_vestibule_1, steel_vault_2, golden_pit, hallway_of_sentries,
          crystal_vault_1, iron_vault_4, final_vault]

Skill      XL: |  1  2  3  4  5  6 |
---------------+-------------------+-----
Stealth        | 11 14 | 14.6
Fighting       | 3 4 |  4.7
Short Blades   | 4 6 |  6.6
Throwing       | 3 4 |  4.0
Dodging        | 2 3 4 |  4.3

Action                     |  1- 3 |  4- 6 || total
---------------------------+-------+-------++-------
  Melee: Dagger            |    14 |    53 ||    67
         Punch             |       |     1 ||     1
  Throw: Dart              |       |     1 ||     1
   Stab: Sleeping          |     3 |     2 ||     5
 Armour: Robe              |     7 |     4 ||    11
  Dodge: Dodged            |     9 |    48 ||    57

Table legend: (Time is in decaauts)
 A = Elapsed time spent in this place.
 B = Non-inter-level travel time spent in this place.
 C = Inter-level travel time spent in this place.
 D = Time resting spent in this place.
 E = Time spent auto-exploring this place.
 F = Levels seen in this place.
 G = Mean time per level.
                   A        B        C        D        E       F      G
               +--------+--------+--------+--------+--------+-----+--------+
         Total |    352 |    345 |      7 |     60 |     78 |   1 |  352.0 |
       Dungeon |    352 |    345 |      7 |     60 |     78 |   1 |  352.0 |
               +--------+--------+--------+--------+--------+-----+--------+

Top non-repeatable levels by time:
       D: 352 daAuts
